 Dungeon Crawl Stone Soup version 0.23.2-40-g277498a001 (webtiles) character file.

Game seed: 8103369665363609153

1253 DildoBatman the Conjurer (level 8, -11/52 HPs)
             Began as a Formicid Wizard on Oct 21, 2019.
             Was a Follower of Kikubaaqudgha.
             Killed by divine providence
             ... invoked by an orc priest
              (13 damage)
             ... on level 6 of the Dungeon.
             The game lasted 00:16:41 (5103 turns).

DildoBatman the Conjurer (Formicid Wizard)          Turns: 5103, Time: 00:16:41

Health: -11/52     AC:  3    Str: 13    XL:     8   Next: 80%
Magic:  0/12       EV: 12    Int: 19    God:    Kikubaaqudgha [*.....]
Gold:   302        SH:  0    Dex:  9    Spells: 1/13 levels left

rFire    . . .     SeeInvis +   b - +0 hunting sling
rCold    . . .     Gourm    .   (no shield)
rNeg     . . .     Faith    .   w - +0 robe (curse)
rPois    +         Spirit   .   (helmet unavailable)
rElec    .         Reflect  .   (no cloak)
rCorr    .         Harm     .   r - +0 pair of gloves
MR       .....                  (no boots)
Stlth    ++........             (no amulet)
HPRegen  0.17/turn              o - ring of poison resistance
MPRegen  0.13/turn              (no ring)

@: no status effects
A: permanent stasis, dig shafts and tunnels, four strong arms, antennae 3
a: Dig, Shaft Self, Receive Corpses, Renounce Religion


You were on level 6 of the Dungeon.
You worshipped Kikubaaqudgha.
Kikubaaqudgha was aware of your devotion.
You were very hungry.

You visited 2 branches of the dungeon, and saw 7 of its levels.

You collected 332 gold pieces.
You spent 30 gold pieces at shops.

Inventory:

Hand Weapons
 a - a +0 quarterstaff
 b - a +0 hunting sling (weapon)
 c - a +0 short sword
Missiles
 i - 156 stones (quivered)
 q - 16 bolts
 s - 4 tomahawks
 t - 42 arrows
 y - 7 poisoned javelins
 A - 51 sling bullets
 C - 6 steel tomahawks
Armour
 j - a +1 scale mail of cold resistance
 m - a +0 large shield
 r - a +0 pair of gloves (worn)
 w - a cursed +0 robe (worn)
Jewellery
 o - a ring of poison resistance (left hand)
Scrolls
 e - a scroll of immolation
 f - 2 scrolls of fog
 g - a scroll of fear {unknown}
 h - a scroll of blinking {unknown}
 p - 3 scrolls of amnesia
 x - 3 scrolls of remove curse
 z - 2 scrolls of enchant armour {unknown}
 B - a scroll of teleportation {unknown}
Potions
 d - a potion of ambrosia {unknown}
 k - a potion of degeneration {unknown}
 l - 2 potions of haste {unknown}
 n - a potion of lignification
 u - a potion of flight {unknown}
 D - a potion of brilliance
Comestibles
 v - 6 rations
 E - a chunk of flesh


   Skills:
 - Level 1.7 Dodging
 - Level 2.4 Stealth
 - Level 3.2 Spellcasting
 - Level 6.1 Conjurations
   Level 1.0 Summonings
   Level 0.8 Translocations
 - Level 5.0 Fire Magic
 * Level 4.1 Air Magic


You had one spell level left.
You knew the following spells:

 Your Spells              Type           Power        Failure   Level  Hunger
a - Conjure Flame         Conj/Fire      ###.....     4%          3    ###....
c - Magic Dart            Conj           ####         1%          1    None
d - Vampiric Draining     Necr           #.........   41%         3    ###....
e - Mephitic Cloud        Conj/Pois/Air  ###.....     11%         3    ###....
z - Sublimation of Blood  Necr           #.........   22%         2    ##.....

Your spell library contained the following spells:

 Spells                   Type           Power        Failure   Level  Hunger
 Pain                     Necr           #...         16%         1    None
 Call Imp                 Summ           #.......     16%         2    ##.....
 Corpse Rot               Necr           N/A          22%         2    ##.....
 Slow                     Hex            #.......     22%         2    ##.....
 Blink                    Tloc           Unusable     N/A         2    N/A

Dungeon Overview and Level Annotations

Branches:
Dungeon (6/15)             Temple (1/1) D:5

Altars:
Ashenzari
Dithmenos
Elyvilon
Fedhas
Gozag
Hepliaklqana
Kikubaaqudgha
Makhleb
Nemelex Xobeh
Okawaru
Qazlal
Ru
Sif Muna
Trog
Uskayaw
Vehumet
Wu Jian
Xom
Yredelemnul
Zin
The Shining One

Shops:
D:4 *   D:6 *%[

Annotations:
D:1 1 exclusion


Innate Abilities, Weirdness & Mutations

You cannot be hasted, slowed, berserked, paralysed or teleported.
You can dig through walls and to a lower floor.
Your four strong arms can wield two-handed weapons with a shield.
You have a pair of large antennae on your head. (SInv)


Message History

The stone hits the orc warrior but does no damage.
The orc warrior is moderately wounded.
An orc comes into view. It is wielding a +0 mace.
The orc warrior is engulfed in blazing flames.
The orc priest mumbles some strange prayers to Beogh against you.
Beogh smites you!
You dig through the rock wall.
The orc warrior is engulfed in blazing flames.
You kill the orc warrior!
Kikubaaqudgha accepts your kill.
Training target 5.0 for Fire Magic reached!
Your Fire Magic skill increases to level 5!
Your Air Magic skill increases to level 4!
You dig through the rock wall.
You are feeling very hungry.
An orc and a skeleton come into view.
The orc priest invokes the aid of Beogh against you.
Beogh smites you!
You die...
Kikubaaqudgha rasps: "You have failed me!
Welcome... death!"

######## ##oo°§..## #####
##.######@# #<..# #(##
#....# #...# ##.###....#
#...#
...#######.##....###...##
..{{...∩......o...##....#
...#######........##....#
#.##.....#.....#
#Z##..........##
#n##.......#..#


You could see an orc priest, 2 orcs and a bullfrog skeleton (wandering).

Vanquished Creatures
  A sky beast (D:5)
  An orc warrior (D:6)
  2 phantoms
  A necrophage (D:6)
  2 ogres (D:4)
  4 killer bees (D:5)
  A howler monkey (D:5)
  3 crimson imps
  A jelly (D:5)
  A hound (D:6)
  An orc priest (D:5)
  A bullfrog skeleton (D:4)
  2 orc wizards (D:5)
  A worker ant (D:4)
  4 adders
  2 howler monkey skeletons
  An ooze (D:5)
  2 worms
  2 dart slugs
  A leopard gecko (D:3)
  7 orcs
  7 giant cockroaches
  7 goblins
  6 hobgoblins
  4 jackals (D:4)
  5 kobolds
  2 quokkas
  6 ball pythons
  7 bats
  7 frilled lizards
  2 rats
94 creatures vanquished.

Notes
Turn   | Place    | Note
-------+----------+-------------------------------------------
     0 | D:1      | DildoBatman the Formicid Wizard began the quest for the
                  | Orb.
     0 | D:1      | Reached XP level 1. HP: 13/13 MP: 4/4
     8 | D:1      | Reached skill level 1 in Conjurations
   140 | D:1      | Reached XP level 2. HP: 18/19 MP: 0/6
   283 | D:1      | Reached skill level 2 in Conjurations
   873 | D:1      | Reached XP level 3. HP: 24/24 MP: 4/7
   878 | D:1      | Learned a level 3 spell: Conjure Flame
   882 | D:1      | Learned a level 3 spell: Mephitic Cloud
  1338 | D:2      | Reached skill level 3 in Conjurations
  1432 | D:2      | Reached XP level 4. HP: 30/30 MP: 1/8
  1762 | D:2      | Found a faded altar of an unknown god.
  2692 | D:5      | Entered Level 5 of the Dungeon
  2736 | D:5      | Found a staircase to the Ecumenical Temple.
  2745 | Temple   | Entered the Ecumenical Temple
  2828 | Temple   | Became a worshipper of Kikubaaqudgha
  2923 | D:5      | Reached skill level 4 in Conjurations
  2923 | D:5      | Reached XP level 5. HP: 29/35 MP: 6/9
  3191 | D:4      | Noticed an ogre
  3195 | D:4      | Killed an ogre
  3195 | D:4      | Reached skill level 5 in Conjurations
  3195 | D:4      | Reached XP level 6. HP: 22/41 MP: 3/10
  3293 | D:4      | Found Diagot's General Store.
  3294 | D:4      | Noticed an ogre
  3326 | D:4      | Killed an ogre
  3347 | D:4      | Bought a scroll of remove curse for 30 gold pieces
  3466 | D:4      | Reached skill level 6 in Conjurations
  3466 | D:4      | Reached XP level 7. HP: 46/46 MP: 7/11
  3666 | D:4      | Reached skill level 1 in Fire Magic
  3666 | D:4      | Reached skill level 1 in Air Magic
  3988 | D:5      | Reached * piety under Kikubaaqudgha
  3988 | D:5      | Identified Kikubaaqudgha's Catalogue of Necromancy
                  | (Kikubaaqudgha gifted it to you on level 5 of the Dungeon)
  3988 | D:5      | Received a gift from Kikubaaqudgha
  3993 | D:5      | Learned a level 2 spell: Sublimation of Blood
  3997 | D:5      | Learned a level 3 spell: Vampiric Draining
  4306 | D:5      | Reached XP level 8. HP: 52/52 MP: 9/12
  4422 | D:5      | HP: 3/78 [poisoned by a killer bee]
  4453 | D:5      | HP: 3/78 [poisoned by a killer bee]
  4786 | D:6      | Found Tewal's Assorted Antiques.
  4786 | D:6      | Found Otimuc's Food Shoppe.
  5017 | D:6      | Found Wuaqugy's Antique Armour Emporium.
  5101 | D:6      | HP: 1/52 [orc priest/divine providence (13)]
  5102 | D:6      | Reached skill level 5 in Fire Magic
  5103 | D:6      | Killed from afar by an orc priest

Skill      XL: |  1  2  3  4  5  6  7  8 |
---------------+-------------------------+-----
Conjurations   | 1 2 3 4 5 6 |  6.1
Fire Magic     | 3 5 |  5.0
Air Magic      | 2 4 |  4.1
Dodging        | |  1.7
Stealth        | |  2.4
Spellcasting   | |  3.2
Summonings     | |  1.0
Translocations | |  0.8

Action                   |  1- 3 |  4- 6 |  7- 9 || total
-------------------------+-------+-------+-------++-------
Melee: Dagger            |     9 |       |       ||     9
       Quarterstaff      |       |    68 |    97 ||   165
 Fire: Hunting sling     |       |       |    42 ||    42
 Cast: Magic Dart        |    70 |    62 |    49 ||   181
       Mephitic Cloud    |       |     6 |    10 ||    16
       Conjure Flame     |       |     4 |    10 ||    14
 Abil: Dig               |       |     2 |     8 ||    10
  Use: Scroll            |       |     6 |       ||     6
       Potion            |       |       |     4 ||     4
 Stab: Confused          |       |     3 |     5 ||     8
       Sleeping          |       |     1 |     1 ||     2
  Eat: Chunk             |     1 |     8 |     4 ||    13
       Ration            |       |       |     1 ||     1
Armor: Robe              |     4 |    13 |    16 ||    33
       Skin              |       |       |    13 ||    13
Dodge: Dodged            |     9 |    51 |    58 ||   118
